[Event "III Menorca Open-A 2024"]
[Site "Ciutadella Menorca"]
[Date "2024.04.05"]
[Round "6.19"]
[White "Akbas, Umut Ata"]
[Black "Nasuta, Grzegorz"]
[Result "1-0"]
[ECO "D30"]
[WhiteElo "2436"]
[BlackElo "2552"]
[Annotator "TA"]
[PlyCount "85"]
[EventDate "2024.04.02"]
[EventType "swiss"]
[EventCountry "ESP"]
[SourceTitle "playchess.com"]
[Source "ChessBase"]
[SourceQuality "1"]
[TimeControl "5400+30"]

1. d4 d5 2. c4 c6 3. Nf3 Nf6 4. e3 e6 5. Nbd2 Be7 6. b3 Nbd7 7. Bb2 b6 8. Bd3 Bb7 9. O-O O-O 10. Qe2 Re8 11. Rad1 Qc7 12. Rfe1 Rad8 {[%emt 0:08:14] The position is equal.} 13. e4 dxe4 14. Nxe4 Nxe4 15. Bxe4 (15. Qxe4 {keeps more tension.} Nf8 16. c5 bxc5 17. dxc5 Bxc5 18. Qg4) 15... Nf8 16. h4 f6 (16... f5 $11 17. Bc2 c5) 17. h5 $14 h6 18. a3 {[%emt 0:08:56] White is more active.} a5 19. Bc2 (19. c5 $16) 19... Bd6 $11 20. Nh4 f5 {[%emt 0:00:50] [#]} (20... c5 $11) 21. c5 $1 $16 Be7 22. Ng6 Rd5 {[%emt 0:02:15] A mistake that costs the game.} (22... bxc5 $16 23. Nxe7+ (23. Bxf5 exf5 24. Nxe7+ Kh7 $16) 23... Qxe7) 23. b4 $36 {[%emt 0:02:29][%mdl 2048] White is really pushing.} Bc8 24. Bb3 Rdd8 25. Ne5 Bf6 (25... axb4 $142 26. axb4 Bf6) 26. Qf3 Bxe5 (26... axb4 {keeps fighting.} 27. axb4 (27. Nxc6 bxa3 28. Bxa3 Bb7 $16) 27... bxc5) 27. Rxe5 (27. dxe5 $6 axb4 28. axb4 (28. Qxf5 bxc5 29. Qc2 Rxd1 $14) 28... Rxd1 29. Rxd1 bxc5) 27... axb4 28. axb4 Kh8 (28... bxc5 {was necessary.} 29. dxc5 Rxd1+ 30. Qxd1 Kh7) 29. Rde1 {[%emt 0:00:41][%cal Bd1e1,Be1e3,Be3f3,Bf3g3][%mdl 32] Black is weak on the dark squares} Qb7 30. Qf4 {[%emt 0:01:06][%cal Ob4b5] aiming for b5!} Kh7 31. g4 bxc5 32. dxc5 {[%emt 0:00:24][%cal Rg4f5] gxf5 is the strong threat.} fxg4 33. Qxg4 Qf7 34. R1e3 Kh8 35. Rf3 {[%emt 0:00:25] White is clearly winning.} Qe7 36. Bc2 {[%emt 0:00:49] Strongly threatening Qf4. This pair of bishops is nice.} Rd5 (36... Rd2 $142) 37. Qe4 {[%emt 0:00:57][%cal Of3f8] White wants to mate with Rxf8+!} Kg8 38. Rg3 Rd7 39. Qf4 {[%emt 0:00:42] Repels Qf6} Qf7 40. Qxh6 Ree7 41. Reg5 e5 42. Bb3 (42. Rxg7+ $142 Qxg7 43. Bb3+ (43. Rxg7+ Rxg7+ 44. Kh2 Rde7 $18) 43... Rd5 44. Qxc6 (44. Rxg7+ Rxg7+ 45. Kh2 Rh7 $18) (44. Bxd5+ cxd5 45. Bxe5 Qxg3+ 46. Bxg3 Re6 $18) (44. Bxe5 Qxg3+ 45. Bxg3 Be6 $18)) 42... Ne6 (42... Qxb3 $142 43. Rxb3 Re6) 43. Bxe5 {[%emt 0:00:55] Weighted Error Value: White=0.31/Black=0.48.  Mistake:       	White=1     	Black=7      Inaccurate:     	White=4     	Black=2      OK:         	White=6     	Black=7      Brilliant:      	White=1     	---} (43. Rxg7+ $142 Qxg7 44. Bxe5 (44. Rxg7+ Rxg7+ 45. Kh1 Rd5 $18) (44. Bxe6+ Rxe6 45. Qxe6+ Kf8 $18)) 1-0

[Event "III Menorca Open-A 2024"]
[Site "Ciutadella Menorca"]
[Date "2024.04.05"]
[Round "6.20"]
[White "Adhiban, B.."]
[Black "Ghazarian, Kirk"]
[Result "1/2-1/2"]
[ECO "C02"]
[WhiteElo "2541"]
[BlackElo "2454"]
[Annotator "TA"]
[PlyCount "28"]
[EventDate "2024.04.02"]
[EventType "swiss"]
[EventCountry "ESP"]
[SourceTitle "playchess.com"]
[Source "ChessBase"]
[SourceQuality "1"]
[TimeControl "5400+30"]

1. e4 e6 2. d4 d5 3. e5 c5 4. c3 Nc6 5. Nf3 Qb6 6. Bd3 cxd4 7. O-O Bd7 8. Nbd2 dxc3 9. bxc3 {[%emt 0:00:02] Black is slightly better.} Nge7 10. Nb3 Qc7 11. Qe2 Nc8 12. Bf4 Nb6 13. Nbd4 (13. a4 $1 $11 {keeps the balance.}) 13... a6 $17 14. Nxc6 Bxc6 {[%emt 0:06:33] Weighted Error Value: White=0.21 (precise) /Black=0.04 (flawless) .  Mistake:       	White=1     	---        OK:         	White=1     	Black=4} 1/2-1/2

[Event "III Menorca Open-A 2024"]
[Site "Ciutadella Menorca"]
[Date "2024.04.05"]
[Round "6.21"]
[White "Zhu, Hengyi"]
[Black "Cramling Bellon, Anna"]
[Result "1-0"]
[ECO "B45"]
[WhiteElo "2282"]
[BlackElo "2115"]
[Annotator "RC"]
[PlyCount "111"]
[EventDate "2024.04.02"]
[EventType "swiss"]
[EventCountry "ESP"]
[SourceTitle "playchess.com"]
[Source "ChessBase"]
[SourceQuality "1"]
[TimeControl "5400+30"]

1. e4 c5 2. Nf3 e6 3. d4 cxd4 4. Nxd4 Nf6 5. Nc3 Nc6 6. Be2 d5 7. exd5 exd5 8. O-O Be7 9. Re1 O-O 10. Bf3 Nxd4 11. Qxd4 Be6 12. Be3 a6 13. Rad1 Rc8 14. h3 h6 15. Qd2 b5 16. a3 Qc7 17. Bd4 Rfd8 18. Be5 Qc6 19. Qf4 Bd6 20. Rd4 Bxe5 21. Rxe5 Qd6 22. Qe3 Nd7 23. Rh5 Nb6 24. Rdh4 Rc4 25. Ne2 Rxh4 26. Rxh4 Nc4 27. Qd4 Qe5 28. Qxe5 Nxe5 29. a4 Rc8 30. axb5 axb5 31. c3 Rc4 32. Nd4 Nxf3+ 33. Nxf3 Rxh4 34. Nxh4 Kf8 35. Kf1 Ke7 36. Ke2 Kd6 37. Kd3 Kc5 38. b4+ Kd6 39. Kd4 g5 40. Nf3 f6 41. Nd2 h5 42. Nb3 Bd7 43. Nd2 Be6 44. Nf3 Bd7 45. Ke3 Be6 46. h4 g4 47. Nd4 Bd7 48. Kf4 Ke7 49. Ne2 Kf7 50. Ke3 Bc6 51. Nf4 Ke7 52. Kd4 Kd6 53. Nxh5 f5 54. Nf4 Be8 55. Nxd5 Bc6 56. Nf4 1-0

[Event "III Menorca Open-A 2024"]
[Site "Ciutadella Menorca"]
[Date "2024.04.05"]
[Round "6.22"]
[White "Zhu, Hengyi"]
[Black "Cramling Bellon, Anna"]
[Result "*"]
[ECO "E18"]
[WhiteElo "2282"]
[BlackElo "2115"]
[Annotator "RC"]
[PlyCount "20"]
[EventDate "2024.04.02"]
[EventType "swiss"]
[EventCountry "ESP"]
[SourceTitle "playchess.com"]
[Source "ChessBase"]
[SourceQuality "1"]
[TimeControl "5400+30"]

1. d4 Nf6 2. c4 e6 3. Nf3 b6 4. g3 Bb7 5. Bg2 Be7 6. O-O O-O 7. Nc3 Ne4 8. Bd2 Bf6 9. Re1 d6 10. Qc2 Nxd2 *

[Event "III Menorca Open-A 2024"]
[Site "Ciutadella Menorca"]
[Date "2024.04.06"]
[Round "7.1"]
[White "Aryan Chopra"]
[Black "Dardha, Daniel"]
[Result "1/2-1/2"]
[ECO "B28"]
[WhiteElo "2630"]
[BlackElo "2628"]
[Annotator "TA"]
[PlyCount "39"]
[EventDate "2024.04.02"]
[EventType "swiss"]
[EventCountry "ESP"]
[SourceTitle "playchess.com"]
[Source "ChessBase"]
[SourceQuality "1"]
[TimeControl "5400+30"]

1. e4 c5 2. Nf3 a6 3. c4 Nc6 4. d4 cxd4 5. Nxd4 Nf6 6. Nc3 e5 7. Nf5 d5 8. cxd5 Bxf5 9. exf5 Nd4 10. Bd3 Be7 11. O-O O-O $1 12. Be3 Nxd5 13. Bxd4 exd4 14. Nxd5 Qxd5 15. Re1 Bf6 16. g3 Rac8 17. a3 b5 18. a4 bxa4 19. Rxa4 Rb8 20. Qd2 {[%emt 0:03:21] Weighted Error Value: White=0.02 (flawless) /Black=0.06 (flawless) .  Inaccurate:     	White=1     	Black=1      OK:         	White=4     	Black=4      Strong:       	---       	Black=1} 1/2-1/2

[Event "III Menorca Open-A 2024"]
[Site "Ciutadella Menorca"]
[Date "2024.04.06"]
[Round "7.2"]
[White "Pranav Anand"]
[Black "Erigaisi Arjun"]
[Result "0-1"]
[ECO "B34"]
[WhiteElo "2519"]
[BlackElo "2748"]
[Annotator "TA"]
[PlyCount "90"]
[EventDate "2024.04.02"]
[EventType "swiss"]
[EventCountry "ESP"]
[SourceTitle "playchess.com"]
[Source "ChessBase"]
[SourceQuality "1"]
[TimeControl "5400+30"]

1. e4 c5 2. Nf3 g6 3. d4 cxd4 4. Nxd4 Nc6 5. Nc3 Bg7 6. Be3 Nf6 7. Nxc6 bxc6 8. e5 Ng8 9. Bd4 Qa5 10. e6 Nf6 11. exf7+ Kxf7 12. Bc4+ d5 13. Be2 Qc7 14. O-O {[%emt 0:03:47] Black has an edge.} e5 15. Bc5 Re8 16. f3 Kg8 17. Qd2 Bf5 18. b4 (18. Rae1 $11) 18... Rad8 (18... a5 $17 19. a3 h5) 19. Rae1 h5 20. Ba6 Kh7 21. Kh1 Bh6 22. Qf2 Nd7 {[%emt 0:02:31] Hoping for ...Nxc5.} 23. Na4 Nxc5 24. Qxc5 h4 ({Black should try} 24... e4 $17 {Threatens to win with ...exf3.} 25. fxe4 Bf8 (25... Bxe4 26. a3 $17) (25... dxe4 26. Rxf5 gxf5 27. Qxf5+ Kg7 28. Qxh5 $17)) 25. Qf2 Bg5 26. c3 {[%emt 0:06:12] White is now going downhill.} (26. Re2 $15) 26... e4 $17 27. f4 Bf6 28. h3 Rf8 $36 {[%emt 0:08:26][%mdl 2048] Keeping White busy.} 29. Rc1 {[%emt 0:01:55] [#]} (29. Rd1 $17) 29... g5 $1 $19 30. Rce1 Kg6 31. b5 (31. a3 $142) 31... cxb5 32. Bxb5 Rb8 ({Inferior is} 32... Bxc3 33. Nxc3 Qxc3 34. Rc1 $11 (34. fxg5 Qe5 $15)) 33. c4 (33. Be2) 33... dxc4 34. fxg5 Bxg5 35. Nc3 Qe5 36. Qc2 e3 37. Rxf5 Qxf5 38. Qa4 {[%emt 0:00:04] [#]} (38. Qxf5+ $142 Rxf5 39. a4) 38... e2 $1 39. Qxc4 {[%emt 0:01:19] [#]} (39. Nxe2 Qxb5) 39... Rxb5 $1 40. Qxe2 {[%emt 0:00:30] [#]} (40. Nxe2 Re5) 40... Re5 $3 {[%emt 0:00:34][%mdl 512] Black mates.} 41. Qxe5 (41. Ne4 Rfe8) 41... Qxe5 42. Rxe5 Rf1+ 43. Kh2 Bf4+ 44. g3 hxg3+ 45. Kg2 Rf2+ {[%emt 0:00:05] Weighted Error Value: White=0.82/Black=0.21 (precise) .  Mistake:       	White=5     	Black=2      Inaccurate:     	White=4     	Black=1      OK:         	White=5     	Black=7      Best:        	White=1     	Black=1      Strong:       	---       	Black=1      Brilliant:      	---       	Black=1} 0-1

[Event "III Menorca Open-A 2024"]
[Site "Ciutadella Menorca"]
[Date "2024.04.06"]
[Round "7.3"]
[White "Klimkowski, Jan"]
[Black "Fedoseev, Vladimir"]
[Result "1/2-1/2"]
[ECO "C07"]
[WhiteElo "2505"]
[BlackElo "2690"]
[Annotator "TA"]
[PlyCount "46"]
[EventDate "2024.04.02"]
[EventType "swiss"]
[EventCountry "ESP"]
[SourceTitle "playchess.com"]
[Source "ChessBase"]
[SourceQuality "1"]
[TimeControl "5400+30"]

1. e4 e6 2. d4 d5 3. Nd2 c5 4. Ngf3 cxd4 5. Nxd4 Ne7 6. exd5 Nxd5 7. N2f3 Bc5 8. Bd3 Nd7 9. O-O O-O 10. c4 N5f6 {[%emt 0:00:10] [#] Threatens to win with ...e5.} 11. Bc2 Qc7 12. Nb5 Qb8 13. Qe2 b6 14. Bg5 Bb7 15. Rad1 a6 16. Nc3 {[%emt 0:00:00][%cal Od1d7] [#] And now Rxd7! would win.} h6 {[%emt 0:03:35] Hoping for ...Bxf3.} 17. Bh4 Qf4 {[%emt 0:02:45] White must now prevent ...Bxf3.} 18. Bg3 Qg4 19. a3 Rfc8 20. Rd2 e5 21. Nxe5 Nxe5 {[%emt 0:00:14] White is slightly better.} 22. Qxe5 {[%emt 0:00:00] Bf5 would now be deadly.} Qxc4 23. Bd3 Qb3 {[%emt 0:04:29] Weighted Error Value: White=0.07 (flawless) /Black=0.12 (very precise) .  Mistake:       	---       	Black=1      Inaccurate:     	White=2     	Black=1      OK:         	White=7     	Black=9      Best:        	White=2     	---} 1/2-1/2

[Event "III Menorca Open-A 2024"]
[Site "Ciutadella Menorca"]
[Date "2024.04.06"]
[Round "7.4"]
[White "Seemann, Jakub"]
[Black "Warmerdam, Max"]
[Result "0-1"]
[ECO "B50"]
[WhiteElo "2465"]
[BlackElo "2628"]
[Annotator "TA"]
[PlyCount "72"]
[EventDate "2024.04.02"]
[EventType "swiss"]
[EventCountry "ESP"]
[SourceTitle "playchess.com"]
[Source "ChessBase"]
[SourceQuality "1"]
[TimeControl "5400+30"]

1. e4 c5 2. Nf3 d6 3. Bb5+ Bd7 4. Bxd7+ Nxd7 5. c3 Ngf6 6. Qe2 e6 7. d4 cxd4 8. cxd4 d5 {[%emt 0:00:08] The position is equal.} 9. e5 Bb4+ 10. Bd2 Bxd2+ 11. Nbxd2 Ng8 12. O-O Ne7 13. Rfc1 Qb6 14. Nb3 O-O 15. Nc5 Rfd8 16. Rc3 Nxc5 17. Rxc5 Rdc8 18. Rac1 Rc6 19. Qd2 a5 20. Rxc6 Nxc6 21. h4 a4 22. Rc3 Ra5 23. Qc2 h6 {[%emt 0:04:22] Prevents Ng5.} 24. g4 Rb5 ({And not} 24... Nxd4 25. Rc8+) 25. Qxa4 Rxb2 26. Rb3 (26. h5 $11) 26... Rxb3 $17 27. axb3 Qa5 28. Qxa5 Nxa5 {[%emt 0:01:16][%mdl 4096] Endgame. KN-KN} 29. Nd2 {[%emt 0:00:00] [#]} h5 $1 30. gxh5 {[%emt 0:03:45][%cal Oh5h6] [#]} Kh7 31. Kg2 (31. f4 $17 {was necessary.}) 31... Kh6 $19 32. Kh3 Kxh5 (32... Nc6 $2 33. Nf3 Kxh5 34. Kg3) 33. Kg3 b5 34. Kh3 $2 (34. f4) 34... b4 {[%emt 0:01:24] ...g5 is the strong threat.} 35. Kg3 Nc6 36. Nf3 Ne7 {[%emt 0:00:08] Weighted Error Value: White=0.25 (precise) /Black=0.06 (flawless) .  Mistake:       	White=3     	---        Inaccurate:     	White=1     	Black=1      OK:         	White=10    	Black=16     Best:        	White=1     	Black=5} 0-1

[Event "III Menorca Open-A 2024"]
[Site "Ciutadella Menorca"]
[Date "2024.04.06"]
[Round "7.5"]
[White "Nihal Sarin"]
[Black "Chigaev, Maksim"]
[Result "1/2-1/2"]
[ECO "A16"]
[WhiteElo "2698"]
[BlackElo "2617"]
[Annotator "TA"]
[PlyCount "101"]
[EventDate "2024.04.02"]
[EventType "swiss"]
[EventCountry "ESP"]
[SourceTitle "playchess.com"]
[Source "ChessBase"]
[SourceQuality "1"]
[TimeControl "5400+30"]

1. Nf3 Nf6 2. g3 g6 3. c4 Bg7 4. Nc3 O-O 5. Bg2 d5 6. cxd5 Nxd5 7. h4 h5 8. Ng5 Nb6 {[%emt 0:02:58] [#]} 9. g4 $1 {[%emt 0:04:44] White is slightly better.} Bxg4 (9... hxg4 10. h5) 10. Bxb7 N8d7 11. Bxa8 Qxa8 12. f3 Ne5 13. d3 Rd8 14. O-O Bf5 15. Bf4 c5 16. Qb3 $1 Rf8 17. Rac1 Nc6 18. Kg2 Nd4 19. Qa3 e5 20. Bg3 c4 21. e3 $1 f6 (21... cxd3 $16 {was called for.} 22. exd4 d2) 22. Nge4 $1 $18 Ne6 23. Na4 ({Better is} 23. Rcd1 $18) 23... cxd3 $1 $14 24. Nxb6 axb6 25. Qxa8 Rxa8 26. a3 (26. Rc6 $14) 26... Bxe4 $11 27. fxe4 Nc5 28. Rfd1 Rd8 29. Rc4 f5 $1 30. exf5 gxf5 31. Be1 e4 32. Bc3 Bxc3 33. Rxc3 {[%emt 0:00:05][%mdl 4096] Endgame. KRR-KRN} (33. bxc3 $11 {was the only way to keep the balance.} f4 34. exf4) 33... Kf7 $17 34. Kf2 {[%emt 0:01:30] [#]} (34. Rdc1 $142) 34... Rg8 $2 (34... Nd7 $1 $19 {[%cal Rd7e5] ...Ne5 is the strong threat.} 35. Rc7 Ke6) 35. b4 {[%emt 0:03:11] [#]} (35. Rdc1 $15) 35... Nd7 $1 {[%emt 0:00:06][%mdl 1024] Black has strong compensation.} 36. a4 $2 (36. Rc7 $17 Ke6 37. Rb7) 36... Ne5 {[%emt 0:00:11] White must now prevent ...Ng4+.} 37. Re1 (37. Kf1 $142 Rg3 38. a5 bxa5 (38... Rxe3 $2 {too greedy.} 39. axb6 Rf3+ 40. Ke1 $16) 39. bxa5) 37... Ng4+ $19 38. Kf1 Nh2+ 39. Kf2 Ng4+ 40. Kf1 Rd8 41. a5 (41. Ra3 $142 f4 42. exf4) 41... bxa5 42. bxa5 {[%emt 0:00:01] [#]} Nxe3+ $1 43. Rxe3 d2 44. Re1 dxe1=Q+ ({Worse is} 44... d1=R 45. a6 $11) 45. Kxe1 {[%emt 0:00:06] KR-KR} Ke6 $2 (45... Ra8 $19 46. Rc5 Ke6) 46. a6 $11 {[%emt 0:01:00] The position is equal.} f4 47. a7 Ra8 48. Ra3 Kf5 {[%emt 0:00:06] Strongly threatening ...Kg4.} 49. Kf2 Kg4 50. Ra4 $1 Kxh4 {[%emt 0:00:32] aiming for ...Kg4.} 51. Rxe4 {[%emt 0:00:10] Quite a comeback for White.   Weighted Error Value: White=0.40/Black=0.37.  Loses game:     	White=1     	---        Missed win:     	---       	Black=1      Mistake:       	White=7     	Black=1      Inaccurate:     	---       	Black=5      OK:         	White=13    	Black=11     Best:        	White=4     	Black=2      Strong:       	White=4     	Black=3} 1/2-1/2

[Event "III Menorca Open-A 2024"]
[Site "Ciutadella Menorca"]
[Date "2024.04.06"]
[Round "7.6"]
[White "Lamard, Guillaume"]
[Black "Aravindh, Chithambaram VR."]
[Result "1/2-1/2"]
[ECO "C54"]
[WhiteElo "2495"]
[BlackElo "2662"]
[Annotator "TA"]
[PlyCount "46"]
[EventDate "2024.04.02"]
[EventType "swiss"]
[EventCountry "ESP"]
[SourceTitle "playchess.com"]
[Source "ChessBase"]
[SourceQuality "1"]
[TimeControl "5400+30"]

1. e4 e5 2. Nf3 Nc6 3. Bc4 Nf6 4. d3 Bc5 5. c3 d6 6. O-O Bb6 7. Nbd2 Ne7 8. Bb3 c6 9. h3 Ng6 10. Re1 O-O 11. d4 Re8 12. Bc2 exd4 13. cxd4 Be6 14. Nf1 d5 15. e5 Ne4 16. Ng3 Nxg3 17. fxg3 c5 18. Be3 cxd4 19. Bxd4 Rc8 20. Kh2 Bxd4 21. Nxd4 Qb6 22. Bxg6 hxg6 23. Qd2 Bf5 {[%emt 0:03:59] Weighted Error Value: White=0.05 (flawless) /Black=0.05 (flawless) .  OK:         	White=6     	Black=6} 1/2-1/2

[Event "III Menorca Open-A 2024"]
[Site "Ciutadella Menorca"]
[Date "2024.04.06"]
[Round "7.7"]
[White "Alekseenko, Kirill"]
[Black "Siddharth, Jagadeesh"]
[Result "1-0"]
[ECO "C02"]
[WhiteElo "2650"]
[BlackElo "2491"]
[Annotator "TA"]
[PlyCount "97"]
[EventDate "2024.04.02"]
[EventType "swiss"]
[EventCountry "ESP"]
[SourceTitle "playchess.com"]
[Source "ChessBase"]
[SourceQuality "1"]
[TimeControl "5400+30"]

1. e4 e6 2. d4 d5 3. e5 c5 4. c3 Nc6 5. Nf3 Nge7 6. Na3 Bd7 {[%emt 0:00:09] C02: French: Advance Variation.} 7. Nc2 Qa5 8. Be2 $146 ({Predecessor:} 8. a3 Nxd4 9. Ncxd4 cxd4 10. Nxd4 Nc6 11. Nf3 Qc7 12. Bf4 f6 13. Bb5 Nxe5 14. Nxe5 fxe5 {½-½ Yu,Y (2720)-Shimanov,A (2578) Chessable Masters Play In rapid 2024 (3)}) 8... Nxd4 9. Ncxd4 cxd4 10. Qxd4 Bb5 (10... Nf5 $11 {remains equal.} 11. Qf4 h6) 11. Qc5 $1 $16 a6 12. b4 $1 Qd8 ({Don't go for} 12... Qa4 $2 13. Bd1 $18) 13. Bxb5+ axb5 14. Qxb5+ Qd7 15. Qd3 (15. Qxd7+ $16 Kxd7 16. a4) 15... Ng6 16. h4 h5 17. O-O Be7 18. g3 O-O 19. Re1 Rfc8 20. Bb2 Bd8 21. Nd2 Ne7 {[%emt 0:10:58] [#]} (21... Qa4 $1 $11) 22. c4 $1 $16 Qa4 23. a3 Qa6 24. Rac1 Bb6 25. Qb3 dxc4 26. Nxc4 Nf5 27. Kg2 (27. Nd6 $142 Rxc1 28. Bxc1 Nxd6 29. exd6) 27... Bd4 $16 28. Bxd4 Nxd4 29. Qd3 Nf5 30. Qe4 Rd8 31. Red1 Rxd1 32. Rxd1 Rc8 (32... b5 $16 {was necessary.} 33. Na5 Rc8) 33. Nd6 $18 Nxd6 34. exd6 (34. Rxd6 Qb5 35. a4 Qxa4 $11) 34... Rd8 35. d7 Qa4 36. Qd4 Qc6+ 37. Kg1 f6 {[%emt 0:04:44] [#]} 38. Qd3 $1 Kf7 39. b5 Qc7 (39... Qc5 $142 40. a4 Qb4) 40. a4 $18 Kf8 (40... Kg8 $142 41. Qd2 Kf7) 41. Kg2 Kf7 42. Rd2 e5 43. Qf5 Ke7 44. Qh7 ({Less strong is} 44. Qxh5 Rxd7 45. Rxd7+ Qxd7 $18) 44... Qa5 45. Qxg7+ Ke6 46. Rd3 Qxa4 47. Rf3 Qxb5 48. Qxf6+ Kxd7 49. Qf7+ 1-0

[Event "III Menorca Open-A 2024"]
[Site "Ciutadella Menorca"]
[Date "2024.04.06"]
[Round "7.8"]
[White "Murzin, Volodar"]
[Black "Szpar, Milosz"]
[Result "1/2-1/2"]
[ECO "C02"]
[WhiteElo "2632"]
[BlackElo "2495"]
[Annotator "TA"]
[PlyCount "44"]
[EventDate "2024.04.02"]
[EventType "swiss"]
[EventCountry "ESP"]
[SourceTitle "playchess.com"]
[Source "ChessBase"]
[SourceQuality "1"]
[TimeControl "5400+30"]

1. e4 e6 2. d4 d5 3. e5 c5 4. c3 Nc6 5. Nf3 Bd7 6. Be2 Nge7 7. O-O Ng6 8. g3 Be7 9. h4 cxd4 10. cxd4 O-O $1 11. h5 Nh8 12. Nc3 f6 13. exf6 Bxf6 14. Be3 Nf7 15. Re1 Be8 16. Nh2 Nd6 17. Bg4 {[%emt 0:00:26] The position is equal.} Bf7 18. Nf3 Nf5 19. Qd2 h6 20. Ne2 Re8 21. Nf4 Nd6 22. Rad1 Nc4 {[%emt 0:01:54] Not much happened in this game.   Weighted Error Value: White=0.05 (flawless) /Black=0.04 (flawless) .  Inaccurate:     	White=2     	Black=1      OK:         	White=5     	Black=8      Best:        	White=1     	---        Strong:       	---       	Black=1} 1/2-1/2

[Event "III Menorca Open-A 2024"]
[Site "Ciutadella Menorca"]
[Date "2024.04.06"]
[Round "7.9"]
[White "Karthik Venkataraman"]
[Black "Xiao, Tong(Qd)"]
[Result "1/2-1/2"]
[ECO "B41"]
[WhiteElo "2609"]
[BlackElo "2484"]
[Annotator "TA"]
[PlyCount "147"]
[EventDate "2024.04.02"]
[EventType "swiss"]
[EventCountry "ESP"]
[SourceTitle "playchess.com"]
[Source "ChessBase"]
[SourceQuality "1"]
[TimeControl "5400+30"]

1. e4 c5 2. Nf3 e6 3. a3 a6 4. d4 cxd4 5. Nxd4 Nf6 6. Nc3 {[%emt 0:00:22] B41: Sicilian: Kan Variation: 5 c4.} d5 7. exd5 Nxd5 8. Nxd5 Qxd5 9. Be3 Qa5+ $146 ({Predecessor:} 9... e5 10. c4 Qd7 11. Ne2 Nc6 12. Nc3 Nd4 13. Bd3 Bc5 14. b4 Ba7 15. Qh5 Nc6 {1-0 Antipov,M (2607)-Quparadze,G (2476) EU-ch 21st Reykjavik 2021 (2)}) 10. Qd2 Qxd2+ 11. Kxd2 b6 12. Be2 Bb7 13. Bf3 Bxf3 14. Nxf3 Nd7 15. c4 Bc5 16. Bxc5 Nxc5 17. Ke3 Ke7 18. Rhd1 Rhc8 19. Rac1 Rc7 20. Rc2 Rac8 21. Rcd2 f6 22. Nd4 g6 23. f4 Nb7 24. b3 Nd6 25. g4 b5 26. Nf3 Nf7 27. cxb5 axb5 28. Nd4 Rc3+ 29. Kf2 Ra8 30. b4 Rcxa3 31. Nxb5 Ra2 32. Nd4 Nd6 33. Nc6+ Kd7 34. Na5 Rxd2+ 35. Rxd2 Kc7 36. Rc2+ Kd7 37. Rd2 Kc7 38. Rc2+ Kd7 39. Nb3 Ne4+ 40. Ke3 Ra3 41. Rb2 Nc3 42. Kd4 Nd5 43. Nc5+ Kd6 44. Ne4+ Kd7 45. f5 gxf5 46. gxf5 exf5 47. Nc5+ Kd6 48. Nb7+ Kc7 49. Kxd5 Kxb7 50. Ke6 f4 51. Kxf6 Rf3 52. Kf5 Kb6 53. Rd2 Kb5 54. Kg4 Rf1 55. Rd4 $1 f3 56. Rf4 Ka4 57. Kg3 Kb5 58. Rh4 Ka4 59. h3 Kb5 60. Rf4 Ka4 61. Kg4 Kb5 62. Kg3 Ka4 63. Kh4 Kb5 64. Kh5 Ka4 65. Kg4 Kb5 66. Kh4 Ka4 67. Kg3 Kb5 68. Rh4 Ka4 69. Rxh7 Kxb4 70. Rh5 Kc4 71. Ra5 Kd3 72. h4 $1 Ke4 73. Ra4+ Ke3 74. Ra3+ 1/2-1/2